 Dungeon Crawl Stone Soup version 0.30.0-18-gc0e69614cb (webtiles) character file.

Game seed: 17067779270499809731

37417 Mahakala the Severer (level 13, -14/124 HPs)
             Began as a Minotaur Berserker on May 23, 2023.
             Was a High Priest of Trog.
             Demolished by a komodo dragon (24 damage)
             ... on level 5 of the Lair of Beasts on May 24, 2023.
             The game lasted 00:51:41 (15393 turns).

Mahakala the Severer (Minotaur Berserker)          Turns: 15393, Time: 00:51:42

Health: -14/124    AC: 20    Str: 32    XL:     13   Next: 58%
Magic:  12/12      EV:  9    Int:  6    God:    Trog [*****.]
Gold:   1012       SH:  0    Dex:  9    Spells: 12/12 levels left

rFire   . . .        a - +7 battleaxe (heavy)
rCold   . . .        (shield currently unavailable)
rNeg    . . .        g - +1 plate armour
rPois   +            A - +2 hat
rElec   .            (no cloak)
rCorr   .            q - +2 pair of gloves
SInv    .            (no boots)
Will    .....        m - amulet of the acrobat Stlth
                     F - +6 ring of strength
HPRegen 0.40/turn    Y - ring of poison resistance
MPRegen 0.13/turn

%: acrobat
@: no status effects
A: horns 2, retaliatory headbutt
a: Renounce Religion, Berserk, Trog's Hand, Brothers in Arms


You were on level 5 of the Lair of Beasts.
You worshipped Trog.
Trog was extremely pleased with you.
You visited 2 branches of the dungeon, and saw 14 of its levels.
You also visited: Bailey.

You collected 1012 gold pieces.

Inventory:

Hand Weapons
 a - a +7 heavy battleaxe (weapon)
 b - a +1 broad axe of flaming
Missiles
 D - 3 throwing nets {!f}
 E - 19 poisoned darts (quivered)
 G - 5 boomerangs
 K - 3 javelins
 W - 5 atropa-tipped darts {!f}
Armour
 g - a +1 plate armour (worn)
 q - a +2 pair of gloves (worn)
 A - a +2 hat (worn)
Jewellery
 m - an amulet of the acrobat (around neck)
 p - a ring of positive energy
 F - a +6 ring of strength (left hand)
 H - a ring of resist corrosion
 J - a ring of flight
 Y - a ring of poison resistance (right hand)
Wands
 c - a wand of mindburst (18)
 d - a wand of iceblast (23)
 t - a wand of flame (57)
 u - a wand of paralysis (5)
 v - a wand of digging (4)
 x - a wand of acid (4)
 T - a wand of polymorph (5)
Scrolls
 f - 2 scrolls of enchant armour
 h - 2 scrolls of immolation
 j - 4 scrolls of fog
 l - a scroll of noise
 o - 2 scrolls of vulnerability {unknown}
 r - 7 scrolls of teleportation {@r4}
 y - a scroll of silence {unknown}
 z - a scroll of magic mapping
 B - 2 scrolls of fear {unknown}
 C - 2 scrolls of enchant weapon
 M - a scroll of blinking {unknown}
 N - a scroll of brand weapon
 O - a scroll of summoning {unknown}
 P - a scroll of acquirement
Potions
 e - 3 potions of invisibility
 i - 3 potions of attraction
 k - a potion of haste {@q3}
 n - 2 potions of flight
 s - a potion of cancellation
 I - 3 potions of might
 R - 2 potions of resistance
 U - 3 potions of curing {@q1}
 Z - a potion of heal wounds {unknown}
Miscellaneous
 w - a lightning rod (4/4)


   Skills:
 - Level 14.0 Fighting
 * Level 19.7 Axes
 - Level 10.0 Armour
 - Level 2.1 Dodging
 - Level 4.0 Shields
 + Level 8.2 Evocations


You had 12 spell levels left.
You didn't know any spells.
Your spell library was empty.

Dungeon Overview and Level Annotations

Branches:
Dungeon (9/15)             Temple (0/1) D:6            Lair (5/5) D:9
  Swamp (0/4) Lair:3        Snake (0/4) Lair:3       Bailey (visited)
  Slime: Lair:4-5       Orc: D:9-12

Altars:
Ashenzari
Qazlal
Trog

Shops:
D:4 *

Annotations:
D:4 1 runed translucent door, Crazy Yiuf
D:8 2 transporters


Innate Abilities, Weirdness & Mutations

You have a pair of horns on your head.
You reflexively headbutt those who attack you in melee.


Message History

Your troll is burned by acid!
Your troll claws the jelly!
The jelly dies!
Trog accepts your kill.
The skyshark bites you but does no damage.
The skyshark tail-slaps you but does no damage.
The skyshark tail-slaps you.
* * * LOW HITPOINT WARNING * * *
The merfolk avatar chants its luring song.
The komodo dragon bites you!!
* * * LOW HITPOINT WARNING * * *
The sea snake bites you.
* * * LOW HITPOINT WARNING * * *
Your troll bites the skyshark!
Your troll claws the skyshark!
Your troll closely misses the skyshark.
The skyshark completely misses your troll.
The skyshark tail-slaps your troll! The skyshark closely misses your troll.
The dream sheep ruffle their wool and motes of dream dust sparkle, to no effect.
The dream sheep bites the plant!
You open the merfolk avatar like a pillowcase!!!
You break out of your daze!
You kill the merfolk avatar!
Trog accepts your kill.
Trog appreciates your killing of a magic user.
You slice the plant like a ripe choko!!!
You miss the sea snake.
You strike the helpless skyshark from behind!
You slice the skyshark!! You barely miss the dream sheep.
You barely miss the komodo dragon.
The sentinel's mark upon you fades away.
A nearby plant withers and dies.
Your troll bites the skyshark.
Your troll claws the skyshark!
Your troll claws the skyshark but does no damage.
The skyshark bites your troll!!
Your troll dies!
Your troll's corpse disappears in a puff of smoke!
The sea snake bites you.
* * * LOW HITPOINT WARNING * * *
The komodo dragon bites you!!
You die...

...#..#...##.# .............##
### ...........##.###.##
.........###.....#.##
........##...#.#..#.# ####
..................#.####..###
.............#H...§##.....≈≈#
..P..........##.Sl#........≈###
..............#.@YDJ...#..≈~≈≈#
..... ........P.†l.....#P.≈≈###
..... ........PlYJ.....#~~≈≈#
.... .............##≈~~≈## ....
..........#.....≈...# .P..
................≈..## ....
...............~≈≈≈# ...
...............≈~..# .~
...........≈~..#...


You could see a skyshark (berserk, unaware), a six-headed hydra, a sea snake, a
manticore, a komodo dragon, a basilisk, 2 dream sheep and 2 jellies.

Vanquished Creatures
  An ice dragon (Lair:4)
  2 vault guards (Bailey)
  A ghost crab (Lair:3)
  3 catoblepae
  A hydra (Lair:5)
  A merfolk avatar (Lair:5)
  A two-headed ogre (D:9)
  9 death yaks
  2 skysharks
  Nergalle (Lair:2)
  Pikel (D:7)
  A necromancer (Lair:2)
  7 elephants
  5 black mambas
  5 cane toads
  3 rime drakes (Lair:5)
  5 komodo dragons
  A polar bear (Lair:5)
  Prince Ribbit (Bailey)
  7 blink frogs
  A snapping turtle (Lair:5)
  2 dream sheep (Lair:5)
  Grinder (D:5)
  2 spectral black mambas (Lair:3)
  A shadow (D:7)
  20 yaks
  5 humans (Bailey)
  A wraith (D:9)
  4 wyverns
  A spectral komodo dragon (Lair:3)
  2 basilisks (Lair:5)
  3 steam dragons
  Edmund (D:5)
  5 nagas (Lair:3)
  20 water moccasins
  An acid dragon (D:8)
  Duvessa (D:7)
  3 orc warriors
  2 black bears
  4 sky beasts
  An ice beast (D:7)
  2 ogres
  2 spectral rime drakes (Lair:3)
  6 wolves (Lair:1)
  2 centaurs
  A phantom (D:7)
  26 bullfrogs
  2 gnoll sergeants
  2 kobold brigands
  2 scorpions
  Dowan (D:7)
  5 killer bees (D:9)
  2 howler monkeys (D:4)
  8 hounds
  3 jellies
  A gnoll bouda (D:8)
  2 orc priests
  3 iguanas
  5 sleepcaps
  Ijyb (D:4)
  6 orc wizards
  9 hell rats
  4 yak simulacra (Lair:2)
  5 polar bear simulacra (Lair:2)
  2 wolf simulacra (Lair:2)
  39 gnolls
  7 adders
  2 shadow imps
  5 white imps
  5 worms
  2 dart slugs (D:1)
  46 orcs
  3 endoplasms
  A giant cockroach (D:1)
  7 goblins
  10 hobgoblins
  18 jackals
  4 quokkas
  6 ball pythons
  5 bats
  3 frilled lizards
  11 kobolds
  7 rats
  A spectral hobgoblin (D:2)
423 creatures vanquished.

Vanquished Creatures (collateral kills)
  2 jellies (Lair:5)
2 creatures vanquished.

Vanquished Creatures (others)
  A wizard (D:6)
1 creature vanquished.

Grand Total: 426 creatures vanquished

Notes
Turn   | Place    | Note
-------+----------+-------------------------------------------
     0 | D:1      | Mahakala the Minotaur Berserker began the quest for the
                  | Orb.
     0 | D:1      | Reached XP level 1. HP: 19/19 MP: 0/0
    81 | D:1      | Reached skill level 4 in Axes
    94 | D:1      | Reached XP level 2. HP: 27/27 MP: 1/1
   416 | D:1      | Reached XP level 3. HP: 33/33 MP: 2/2
   416 | D:1      | Reached ** piety under Trog
   985 | D:2      | Reached skill level 5 in Axes
  1098 | D:2      | Found a faded altar of an unknown god.
  1641 | D:3      | Reached XP level 4. HP: 34/41 MP: 3/3
  1701 | D:3      | You fall into a shaft and drop 3 floors!
  1723 | D:5      | Entered Level 5 of the Dungeon
  1735 | D:5      | Noticed Edmund
  1823 | D:4      | Reached skill level 6 in Axes
  1893 | D:4      | Reached skill level 5 in Fighting
  1893 | D:4      | Reached XP level 5. HP: 31/48 MP: 4/4
  2078 | D:3      | Found a broken altar of Ashenzari.
  2562 | D:4      | Identified the +3 leather armour of Tomorrow {Int+2 Dex+3}
  2586 | D:4      | Identified the +0 cloak of the Turtle {rF- Dex+8}
  2882 | D:4      | Found a runed translucent door.
  2883 | D:4      | Noticed Crazy Yiuf
  2908 | D:4      | Found Ufasmoer's General Store.
  3026 | D:4      | Reached *** piety under Trog
  3027 | D:4      | Reached skill level 7 in Axes
  3027 | D:4      | Reached XP level 6. HP: 56/56 MP: 5/5
  3557 | D:4      | Reached skill level 8 in Axes
  3649 | D:4      | Reached XP level 7. HP: 52/63 MP: 6/6
  4038 | D:4      | Reached skill level 9 in Axes
  4146 | D:4      | Noticed Ijyb
  4162 | D:4      | Killed Ijyb
  4320 | D:5      | Reached **** piety under Trog
  4339 | D:5      | Killed Edmund
  4546 | D:5      | Reached skill level 5 in Armour
  4546 | D:5      | Reached XP level 8. HP: 70/70 MP: 7/7
  4650 | D:5      | Noticed Grinder
  4660 | D:5      | Killed Grinder
  4661 | D:5      | Reached skill level 10 in Axes
  5372 | D:6      | Found a stormy altar of Qazlal.
  5445 | D:6      | Reached skill level 11 in Axes
  5522 | D:6      | Found a bloodstained altar of Trog.
  5704 | D:6      | Found a staircase to the Ecumenical Temple.
  5874 | D:6      | Reached XP level 9. HP: 81/81 MP: 8/8
  6010 | D:6      | Noticed a wizard
  6012 | D:6      | Killed a wizard
  6093 | D:7      | Noticed Pikel
  6096 | D:7      | Killed Pikel
  6160 | D:7      | Reached skill level 12 in Axes
  6667 | D:7      | Noticed Duvessa
  6673 | D:7      | Killed Duvessa
  6674 | D:7      | Reached skill level 10 in Fighting
  6675 | D:7      | Noticed Dowan
  6681 | D:7      | Killed Dowan
  6874 | D:7      | Reached skill level 13 in Axes
  7305 | D:7      | Reached XP level 10. HP: 86/93 MP: 9/9
  7662 | D:8      | Found a transporter.
  7663 | D:8      | Found a transporter.
  7664 | D:8      | Noticed a two-headed ogre
  7703 | D:8      | Found a flagged portal.
  7711 | Bailey   | Entered a bailey
  7940 | Bailey   | Reached skill level 14 in Axes
  7989 | Bailey   | Noticed Prince Ribbit
  7989 | Bailey   | Noticed a vault guard
  8009 | Bailey   | Killed Prince Ribbit
  8028 | Bailey   | Killed a vault guard
  8119 | Bailey   | Noticed a vault guard
  8138 | Bailey   | Killed a vault guard
  8139 | Bailey   | Reached skill level 15 in Axes
  8139 | Bailey   | Reached skill level 10 in Armour
  8426 | D:8      | Reached XP level 11. HP: 99/99 MP: 10/10
  8430 | D:8      | Reached ***** piety under Trog
  8789 | D:8      | Identified the +0 scale mail of Reqi {+Inv Will+}
  9240 | D:9      | Noticed a death yak
  9241 | D:9      | Noticed a death yak
  9249 | D:9      | Noticed a death yak
  9269 | D:9      | Killed a death yak
  9270 | D:9      | Reached skill level 16 in Axes
  9277 | D:9      | Killed a death yak
  9279 | D:9      | Killed a death yak
  9398 | D:9      | Found a staircase to the Lair.
  9435 | D:9      | Noticed a two-headed ogre
  9443 | D:9      | Killed a two-headed ogre
 10067 | Lair:1   | Entered Level 1 of the Lair of Beasts
 10315 | Lair:1   | Identified the +2 robe of the Moon {rF+ Archmagi}
 10492 | Lair:1   | You are sucked into a shaft and drop 1 floor!
 10598 | Lair:2   | Noticed Nergalle
 10604 | Lair:2   | Killed Nergalle
 10661 | Lair:2   | Reached skill level 17 in Axes
 10711 | Lair:2   | Noticed a skyshark
 10722 | Lair:2   | Killed a skyshark
 10774 | Lair:2   | Reached XP level 12. HP: 100/113 MP: 11/11
 10963 | Lair:2   | Received a gift from Trog
 11250 | Lair:1   | Noticed a death yak
 11250 | Lair:1   | Noticed a death yak
 11250 | Lair:1   | Noticed a death yak
 11250 | Lair:1   | Noticed a death yak
 11250 | Lair:1   | Noticed a death yak
 11250 | Lair:1   | Noticed a death yak
 11265 | Lair:2   | Killed a death yak
 11269 | Lair:2   | Killed a death yak
 11270 | Lair:2   | Reached skill level 18 in Axes
 12010 | Lair:1   | Killed a death yak
 12011 | Lair:1   | Reached skill level 1 in Evocations
 12014 | Lair:1   | Killed a death yak
 12018 | Lair:1   | Killed a death yak
 12025 | Lair:1   | Killed a death yak
 12688 | Lair:3   | Reached skill level 5 in Evocations
 12928 | Lair:3   | Noticed a ghost crab
 12941 | Lair:3   | Killed a ghost crab
 13143 | Lair:3   | Noticed a catoblepas
 13158 | Lair:3   | Killed a catoblepas
 13255 | Lair:3   | Found a staircase to the Snake Pit.
 13383 | Lair:3   | Found a staircase to the Swamp.
 13734 | Lair:4   | Identified 2 scrolls of acquirement
 13734 | Lair:4   | Acquired a +7 heavy battleaxe
 13810 | Lair:4   | Reached XP level 13. HP: 118/124 MP: 12/12
 13997 | Lair:4   | Identified the +7 rapier "Bekhlav" {distort, MP+9 SInv}
 15032 | Lair:5   | Entered Level 5 of the Lair of Beasts
 15032 | Lair:5   | Noticed a dire elephant
 15105 | Lair:5   | Reached skill level 19 in Axes
 15393 | Lair:5   | Demolished by a komodo dragon

Illustrated notes

Levels and vault maps discovered:
D:1:      sevenhm_arrival_forest_fort_small_6, layout_basic
D:2:      layout_basic, dreamdust_ecumenical_altar_drowned_temple
D:3:      layout_basic, nicolae_ashenzari_skybound, corexii_hall_statues_deadend
D:4:      lemuel_castle_with_subvaults [lemuel_castle_interior_carwin_3],
          layout_basic, serial_shops, shop, nicolae_wormholes,
          uniq_crazy_yiuf_cottage, uniq_ijyb
D:5:      layout_cave_pools, serial_gnoll_camp, gnoll_camp_mini_hut,
          gnoll_camp_mini_loothouse, gnoll_camp_mini_doghouse,
          gnoll_camp_mini_sergeant, reono_crystal_passage, uniq_edmund,
          uniq_grinder
D:6:      layout_loops_cross, trog_wizard, nicolae_qazlal_general_emergency,
          minmay_temple_entry_water_ring, lightli_minifort
D:7:      layout_loops_cross, uniq_pikel, uniq_duvessa
D:8:      gammafunk_beogh_shrine, layout_cave_pools, enter_bailey_2
D:9:      layout_irregular_city, dpeg_lair_monsters
Lair:1:   layout_roguey
Lair:2:   layout_layer_cave, eino_house_with_fridge, grunt_megastairs_2,
          uniq_nergalle
Lair:3:   layout_regular_city, nicolae_swamp_entry_spooky,
          minmay_snake_entry_guardpost_large, serial_forest,
          infiniplex_forest_clump_curved, infiniplex_forest_clump_medium,
          infiniplex_forest_straight_3, infiniplex_forest_clump_large,
          infiniplex_forest_end_double, infiniplex_forest_straight_4,
          infiniplex_forest_lined_2, infiniplex_forest_corner_1,
          infiniplex_forest_clump_tiny, st_stairs_6, minivault_23,
          infiniplex_staircase_pool_2
Lair:4:   layout_gridlike, bobbens_ice_dragon_lair
Lair:5:   gammafunk_lair_ancient_temple, layout_cave_shapes,
          nicolae_slime_entry_field_trip, chequers_serial_rivers_small_a,
          st_stairs_8, serial_bayou_shore_b

Skill      XL: |  1  2  3  4  5  6  7  8  9 10 11 12 13 |
---------------+----------------------------------------+-----
Axes           | 4 5 6 7 8 9 11 13 15 17 18 19 | 19.7
Fighting       | 4 5 6 8 10 12 14 | 14.0
Armour         | 5 6 7 10 | 10.0
Shields        | 4 |  4.0
Evocations     | 6 8 |  8.2
Dodging        | |  2.1

Action                     |  1- 3 |  4- 6 |  7- 9 | 10-12 | 13-15 || total
---------------------------+-------+-------+-------+-------+-------++-------
  Melee: Hand axe          |    94 |   185 |   169 |       |       ||   448
         Headbutt          |    12 |    16 |    48 |    98 |    19 ||   193
         Punch             |       |     2 |     6 |     3 |       ||    11
         War axe           |       |       |   109 |   129 |       ||   238
         Broad axe         |       |       |       |   353 |     5 ||   358
         Battleaxe         |       |       |       |    10 |    89 ||    99
   Fire: Sling             |     9 |     2 |       |       |       ||    11
  Throw: Stone             |     5 |       |       |       |       ||     5
         Dart              |       |       |     9 |     2 |     2 ||    13
 Invoke: Berserk           |     1 |     2 |    11 |     9 |     1 ||    24
         Trog's Hand       |       |       |     1 |     1 |     1 ||     3
         Brothers in Arms  |       |       |       |       |     1 ||     1
  Evoke: Wand              |       |       |       |     1 |       ||     1
    Use: Scroll            |     1 |       |     6 |    15 |       ||    22
   Stab: Distracted        |       |       |       |       |     1 ||     1
 Armour: Ring mail         |     3 |       |       |       |       ||     3
         Plate armour      |    42 |    97 |   121 |   226 |    83 ||   569
  Dodge: Dodged            |    29 |    47 |    59 |   122 |    78 ||   335
  Block: Buckler           |       |       |       |    58 |       ||    58
         Other             |       |       |       |     3 |    11 ||    14
